 Dungeon Crawl Stone Soup version 0.28-a0-802-g09f76e8c00 (webtiles) character file.

Game seed: 5523054069997740660

58 ragingrage the Ruffian (level 3, -2/29 HPs)
             Began as a Demonspawn Chaos Knight on Nov 6, 2021.
             Was a Plaything of Xom.
             Slain by a quokka (4 damage)
             ... on level 2 of the Dungeon.
             The game lasted 00:01:26 (1963 turns).

ragingrage the Ruffian (Demonspawn Chaos Knight)    Turns: 1963, Time: 00:01:26

Health: -2/29      AC:  4    Str: 13    XL:     3   Next: 76%
Magic:  3/3        EV: 11    Int: 15    God:    Xom [.*....]
Gold:   51         SH:  0    Dex: 16    Spells: 2/2 levels left

rFire   . . .      SeeInvis +     - Unarmed
rCold   . . .      Faith    .   (no shield)
rNeg    . . .      Spirit   .   g - +1 robe of Ytzoff {Int+2 Dex+4 SInv}
rPois   .          Reflect  .   (helmet restricted)
rElec   .          Harm     .   (no cloak)
rCorr   .          Rampage  .   (no gloves)
Will    .....                   (no boots)
Stlth   +.........              (no amulet)
HPRegen 0.09/turn               (no ring)
MPRegen 0.08/turn               (no ring)

@: no status effects
A: horns 1, icy blue scales 1, deformed body
a: Renounce Religion


You were on level 2 of the Dungeon.
You worshipped Xom.
You were a plaything of Xom.
You visited 1 branch of the dungeon, and saw 2 of its levels.

You collected 51 gold pieces.

Inventory:

Armour
 g - the +1 robe of Ytzoff (worn) {Int+2 Dex+4 SInv}
   (Xom gifted it to you on level 1 of the Dungeon)

   Int:       It affects your intelligence (+2).
   Dex:       It affects your dexterity (+4).
   SInv:      It lets you see invisible.
Jewellery
 j - a ring of protection from cold
Scrolls
 a - a scroll of noise {unknown}
 b - a scroll of torment {unknown}
 c - 3 scrolls of teleportation {unknown}
 e - a scroll of amnesia {unknown}
 f - a scroll of fog {unknown}
 i - 2 scrolls of identify {unknown}
 k - a scroll of blinking {unknown}
Potions
 d - a potion of attraction {unknown}
 h - a potion of might {unknown}


   Skills:
 - Level 3.0 Fighting
 - Level 1.7 Armour
 - Level 0.8 Dodging
 * Level 4.3 Unarmed Combat


You had 2 spell levels left.
You didn't know any spells.
Your spell library contained the following spells:

 Spells                   Type           Power      Damage    Failure   Level
 Apportation              Tloc           0%         N/A       26%         1
 Shock                    Conj/Air       0%         1d3       26%         1
 Swiftness                Air            0%         N/A       63%         3
 Airstrike                Air            0%         N/A       95%         4
 Alistair's Intoxication  Tmut/Pois      0%         N/A       100%        5
 Invisibility             Hex            0%         N/A       100%        6


Dungeon Overview and Level Annotations

Branches:
Dungeon (2/15)

Altars:
The Shining One


Innate Abilities, Weirdness & Mutations

You have a pair of small horns on your head.
You are partially covered in icy blue scales. (AC +2)
Armour fits poorly on your strangely shaped body.


Message History

You are too injured to fight recklessly!
You are too injured to fight recklessly!
You are too injured to fight recklessly!
You are too injured to fight recklessly!
You are too injured to fight recklessly!
Unknown command.
The bat barely misses you. The bat hits you but does no damage.
The bat hits you but does no damage. The gnoll hits you with a +0 club.
* * * LOW HITPOINT WARNING * * *
Xom snickers.
A fancy cane briefly appears in your hand.
The hobgoblin hits you but does no damage.
Xom's power touches on a nearby monster.
The adder evaporates and reforms as a jelly!
You hit the hobgoblin. You headbutt the hobgoblin.
You kill the hobgoblin!
The bat barely misses you. The bat hits you.
* * * LOW HITPOINT WARNING * * *
The bat hits you.
* * * LOW HITPOINT WARNING * * *
The bat misses you.
You punch the bat!
You kill the bat! "Hum-dee-hum-dee-hum..."
The quokka seems to speed up.
The quokka bites you but does no damage.
The quokka bites you but does no damage.
The quokka bites you.
* * * LOW HITPOINT WARNING * * *
You see here a +0 barding of stealth.
The quokka bites you.
* * * LOW HITPOINT WARNING * * *
The quokka bites you but does no damage.
The quokka barely misses you. The quokka bites you.
You die...
Xom chuckles heartily!

.##.#####.#..# .##.#...#.#..#
.##.#.#.#.#..#
.##.#.#.#.#..#########
.##.#.....#..#.......# .#
.##.###.#.#..#.#####.# .#
.##.......#..........# #.#
.######...#.##......## #.# .#
#........J..r@...<#.# #.# g#
#.####.#÷#........#.# #.# .#
#.#.....[........>#.#####.# r#
#.#..#g#.#..#.....#.#.....# J#
#.##.#.#.#####.#..#.#.##..# .#
#....#J#.#...#.#..#.#.##..#
.########.#.#.#.#.#..#.#.##..####
.#g.†.J...#)#..........#.##..#...
......#####.###.#.........#..#.##


You could see a jelly, a quokka (fast) and a goblin.

Vanquished Creatures
  2 adders (D:2)
  A gnoll (D:2)
  A ball python (D:1)
  An endoplasm (D:1)
  5 giant cockroaches (D:1)
  4 goblins
  4 hobgoblins
  A quokka (D:1)
  3 bats (D:2)
  A frilled lizard (D:1)
  3 kobolds
  2 rats (D:1)
28 creatures vanquished.

Notes
Turn   | Place    | Note
-------+----------+-------------------------------------------
     0 | D:1      | ragingrage the Demonspawn Chaos Knight began the quest for
                  | the Orb.
     0 | D:1      | Reached XP level 1. HP: 18/18 MP: 1/1
    58 | D:1      | You fall into a shaft and drop 1 floor!
   230 | D:2      | XOM: silly message
   245 | D:2      | Reached skill level 3 in Unarmed Combat
   348 | D:1      | Gained mutation: You have a pair of small horns on your
                  | head. [demonic ancestry]
   348 | D:1      | Reached XP level 2. HP: 24/24 MP: 2/2
   403 | D:1      | XOM: 2-stop teleportation journey
   496 | D:1      | XOM: 6-stop teleportation journey
  1040 | D:1      | XOM: scenery: 1 doors open
  1112 | D:1      | XOM: scenery: 1 doors close
  1117 | D:1      | Identified the +1 robe of Ytzoff {Int+2 Dex+4 SInv} (Xom
                  | gifted it to you on level 1 of the Dungeon)
  1117 | D:1      | XOM: god gift: +1 robe of Ytzoff {Int+2 Dex+4 SInv}
  1617 | D:2      | Gained mutation: You are partially covered in icy blue
                  | scales. (AC +2) [demonic ancestry]
  1617 | D:2      | Reached XP level 3. HP: 29/29 MP: 3/3
  1631 | D:2      | Found a faded altar of an unknown god.
  1719 | D:2      | Reached skill level 4 in Unarmed Combat
  1749 | D:2      | XOM: give mutation
  1749 | D:2      | Gained mutation: Armour fits poorly on your strangely
                  | shaped body. [Xom's mischief]
  1924 | D:2      | XOM: silly message
  1929 | D:2      | XOM: polymorph adder -> jelly
  1951 | D:2      | XOM: enchant monster (bad)
  1963 | D:2      | Slain by a quokka

Illustrated notes

Levels and vault maps discovered:
D:1:      dpeg_arrival_tiny_c, layout_basic, serial_glass, glass_columns_c,
          glass_columns_c
D:2:      layout_basic, basic_altar, shapermc_ecumenical_altar_flowoftime

Skill      XL: |  1  2  3 |
---------------+----------+-----
Unarmed Combat | 3 4 |  4.3
Fighting       | |  3.0
Armour         | |  1.7
Dodging        | |  0.8

Action                   || total
-------------------------++-------
Melee: Unarmed           ||    92
       Headbutt          ||    11
       Punch             ||     1
 Stab: Sleeping          ||     1
Armor: Leather armour    ||    13
       Robe              ||    23
Dodge: Dodged            ||    64

Table legend: (Time is in decaauts)
 A = Elapsed time spent in this place.
 B = Non-inter-level travel time spent in this place.
 C = Inter-level travel time spent in this place.
 D = Time resting spent in this place.
 E = Time spent auto-exploring this place.
 F = Levels seen in this place.
 G = Mean time per level.
                   A        B        C        D        E       F      G
               +--------+--------+--------+--------+--------+-----+--------+
         Total |   1956 |   1946 |     10 |     87 |   1591 |   2 |  978.0 |
       Dungeon |   1956 |   1946 |     10 |     87 |   1591 |   2 |  978.0 |
               +--------+--------+--------+--------+--------+-----+--------+

Top non-repeatable levels by time:
     D:1: 1324 daAuts
     D:2: 632 daAuts
